 Dungeon Crawl Stone Soup version 0.29-a0-322-g68df515428 (webtiles) character file.

Game seed: 4157333135362711378

9937 garrulousMonolith the Cleaver (level 11, -9/97 HPs)
             Began as a Hill Orc Fighter on Apr 7, 2022.
             Was a Priest of Beogh.
             Mangled by a white ugly thing (28 damage)
             ... on level 11 of the Dungeon.
             The game lasted 00:20:43 (15230 turns).

garrulousMonolith the Cleaver (Hill Orc Fighter)   Turns: 15230, Time: 00:20:44

Health: -9/97      AC: 23    Str: 22    XL:     11   Next: 54%
Magic:  15/17      EV:  6    Int: 10    God:    Beogh [***...]
Gold:   577        SH: 10    Dex: 10    Spells: 10/10 levels left

rFire   + + .      SeeInvis +   a - +3 broad axe (flame)
rCold   . . .      Faith    +   U - +0 kite shield
rNeg    . . .      Spirit   .   M - +4 plate armour {rF+}
rPois   .          Reflect  .   T - +0 helmet
rElec   .          Harm     .   R - +0 cloak
rCorr   .          Rampage  .   f - +0 pair of gloves
Will    .....                   C - +0 pair of boots
Stlth   ..........              m - amulet of faith
HPRegen 0.26/turn               d - ring of see invisible
MPRegen 0.15/turn               h - ring of protection from fire

@: no status effects
A: no striking features
a: Renounce Religion, Smiting


You were on level 11 of the Dungeon.
You worshipped Beogh.
Beogh was most pleased with you.
You visited 1 branch of the dungeon, and saw 11 of its levels.
You also visited: Ossuary.

You collected 666 gold pieces.
You spent 89 gold pieces at shops.

Inventory:

Hand Weapons
 a - a +3 broad axe of flaming (weapon)
 b - a +0 hunting sling of flaming
 g - a +3 halberd of freezing
 y - a +1 vampiric spear
 I - a +1 dagger of electrocution
 S - a +0 morningstar
 V - a +1 halberd of freezing
Missiles
 j - 27 poisoned darts (quivered)
 o - 5 boomerangs of dispersal
 E - 2 throwing nets
Armour
 e - a +0 plate armour
 f - a +0 pair of gloves (worn)
 w - +0 swamp dragon scales
 C - a +0 pair of boots (worn)
 M - a +4 plate armour of fire resistance (worn)
 R - a +0 cloak (worn)
 T - a +0 helmet (worn)
 U - a +0 kite shield (worn)
Jewellery
 d - a ring of see invisible (left hand)
 h - a ring of protection from fire (right hand)
 m - an amulet of faith (around neck)
 q - a ring of resist corrosion
 L - an amulet of reflection
 O - a ring of positive energy
Wands
 k - a wand of iceblast (21)
 t - a wand of polymorph (9)
 A - a wand of digging (6)
 D - a wand of paralysis (6)
 N - a wand of charming (6)
Scrolls
 c - 4 scrolls of identify
 i - 9 scrolls of teleportation
 s - a scroll of fear
 v - a scroll of magic mapping
 B - a scroll of brand weapon {unknown}
 G - a scroll of summoning {unknown}
 P - a scroll of silence {unknown}
 Q - 3 scrolls of fog
 W - a scroll of blinking
Potions
 l - 5 potions of mutation
 n - a potion of ambrosia
 p - 2 potions of attraction
 r - a potion of lignification {unknown}
 x - 2 potions of haste
 z - a potion of magic {unknown}
 F - 3 potions of curing
 H - a potion of berserk rage {unknown}
 J - 3 potions of brilliance
 K - 3 potions of flight
Miscellaneous
 u - a piece from Xom's chessboard (14/15)


   Skills:
 + Level 9.1 Fighting
 * Level 12.8 Axes
 + Level 8.3 Armour
 - Level 5.0 Dodging
 + Level 8.2 Shields
 + Level 8.8 Invocations


You had 10 spell levels left.
You didn't know any spells.
Your spell library contained the following spells:

 Spells                   Type           Power      Damage    Failure   Level
 Freeze                   Ice            0%         1d3       100%        1
 Blink                    Tloc           0%         N/A       100%        2
 Dazzling Flash           Conj/Hex       0%         N/A       100%        3
 Frozen Ramparts          Ice            0%         1d2       100%        3
 Tukima's Dance           Hex            0%         N/A       100%        3
 Flame Wave               Conj/Fire      0%         2d4       100%        4
 Hailstorm                Conj/Ice       0%         3d3       100%        4
 Iskenderun's Mystic Bla  Conj/Tloc      0%         2d3       100%        4
 Passage of Golubria      Tloc           0%         N/A       100%        4
 Summon Lightning Spire   Summ/Air       0%         N/A       100%        4
 Manifold Assault         Tloc           0%         N/A       100%        5
 Yara's Violent Unravell  Hex/Tmut       0%         3d3       100%        5
 Iron Shot                Conj/Erth      0%         9d1       100%        6
 Starburst                Conj/Fire      0%         6d3       100%        6
 Orb of Destruction       Conj           0%         9d5       100%        7
 Storm Form               Tmut/Air       0%         N/A       100%        7
 Maxwell's Capacitive Co  Air            0%         ∞         100%        8


Dungeon Overview and Level Annotations

Branches:
Dungeon (11/15)            Temple (0/1) D:4            Lair (0/6) D:9
Ossuary (visited)
    Orc: D:9-12

Altars:

Shops:
D:5 (*[==   D:6 =

Annotations:
D:4 4 runed translucent doors


Message History

You are too injured to fight recklessly!
You are too injured to fight recklessly!
You are too injured to fight recklessly!
You are too injured to fight recklessly!
You are too injured to fight recklessly!
You are too injured to fight recklessly!
You are too injured to fight recklessly!
You are too injured to fight recklessly!
You are too injured to fight recklessly!
You are too injured to fight recklessly!
You are too injured to fight recklessly!
You are too injured to fight recklessly!
You are too injured to fight recklessly!
You are too injured to fight recklessly!
You slash the white ugly thing! You burn the white ugly thing.
The white ugly thing is lightly wounded.
The white ugly thing pecks you but does no damage.
You closely miss the white ugly thing.
The white ugly thing is lightly wounded.
The white ugly thing barely misses you.
You block the white ugly thing's attack.
You slice the white ugly thing!! You burn the white ugly thing.
The white ugly thing is heavily wounded.
The white ugly thing pecks you. The white ugly thing freezes you!
You hit the white ugly thing. You burn the white ugly thing.
The white ugly thing is heavily wounded.
The white ugly thing pecks you. The white ugly thing freezes you!!
* * * LOW HITPOINT WARNING * * *
You hit the white ugly thing. You burn the white ugly thing.
The white ugly thing is severely wounded.
The white ugly thing completely misses you.
Aiming: Smiting
Press: ? - help, Dir - move target, f - white ugly thing Smite: a white ugly thing (severely wounded)
You smite the white ugly thing!
The white ugly thing is almost dead.
The white ugly thing pecks you.
* * * LOW HITPOINT WARNING * * *
The white ugly thing freezes you!!
You die...

≈≈≈≈≈≈≈≈≈≈...≈≈≈≈≈≈≈## #...##
≈≈≈≈≈≈≈≈≈≈...≈≈≈≈≈≈≈≈# ##...##
≈≈≈≈≈≈≈≈≈≈#≈≈≈≈≈≈≈≈≈≈# ##...#
≈≈≈≈..≈≈≈≈..≈≈≈≈≈≈≈>## ##...
#≈≈....≈≈≈#.#≈≈≈≈≈≈## #...
########≈##.#.≈≈≈≈## ##..
..........#.#.#≈≈## #..
..#...###.#.#.##u# ### #..
#.#...#
#.#.#.##@##########.###..
#.#...#
#.#.#.##................#
#.#...#
#.#.#............########
#.##### #.#.#............# #.#
#.#.#...≈........# #.###
#.#.#.≈≈≈≈≈≈.....#
#.#≈#####.#.≈≈≈≈≈≈≈≈≈....#
≈≈≈≈≈≈≈≈≈.#≈≈≈≈≈≈≈≈≈≈≈.≈≈≈≈≈≈
≈≈≈≈≈≈≈≈≈≈≈≈≈≈.≈.≈≈≈≈≈≈≈≈≈≈≈≈≈


You could see a white ugly thing.

Vanquished Creatures
  A manticore (D:6)
  A gargoyle (D:11)
  Maggie (D:6)
  Psyche (D:8)
  2 trolls
  Prince Ribbit (D:7)
  12 yaks
  A water elemental (D:11)
  A vampire (D:10)
  A wyvern (D:9)
  2 acid dragons
  Duvessa (D:6)
  2 water moccasins
  A black bear (D:6)
  5 orc warriors
  A sky beast (D:6)
  5 ice beasts
  4 ogres
  3 centaurs
  A phantom (D:5)
  Blork the orc (D:8)
  A kobold brigand (D:9)
  8 bullfrogs
  6 scorpions
  18 wights
  Dowan (D:6)
  4 killer bees
  3 howler monkeys
  4 electric eels (D:11)
  2 gnoll shamans (D:7)
  4 orc priests
  5 hounds
  4 jellies
  6 iguanas
  Ijyb (D:3)
  3 orc wizards
  3 mummies (Ossuary)
  23 gnolls
  9 adders
  2 shadow imps
  2 white imps
  2 adder zombies (Ossuary)
  3 worms
  A dart slug (D:4)
  32 orcs
  8 endoplasms
  4 giant cockroaches
  14 goblins
  6 hobgoblins
  4 jackals (D:1)
  19 kobolds
  5 quokkas
  8 ball pythons
  4 bats
  12 frilled lizards
  2 gnoll zombies (Ossuary)
  2 goblin zombies (Ossuary)
  3 hobgoblin zombies (Ossuary)
  2 kobold zombies (Ossuary)
  2 quokka zombies (Ossuary)
  7 rats
  5 rat zombies (Ossuary)
302 creatures vanquished.

Vanquished Creatures (collateral kills)
  A gnoll sergeant (D:10)
  An orc wizard (D:11)
2 creatures vanquished.

Vanquished Creatures (others)
  6 plants (D:1)
6 creatures vanquished.

Grand Total: 310 creatures vanquished

Notes
Turn   | Place    | Note
-------+----------+-------------------------------------------
     0 | D:1      | garrulousMonolith the Hill Orc Fighter began the quest for
                  | the Orb.
     0 | D:1      | Reached XP level 1. HP: 19/19 MP: 1/1
   212 | D:1      | Reached skill level 3 in Axes
   212 | D:1      | Reached XP level 2. HP: 27/27 MP: 2/2
   248 | D:1      | Found a faded altar of an unknown god.
   606 | D:1      | Reached XP level 3. HP: 33/33 MP: 3/3
   671 | D:1      | Reached skill level 1 in Invocations
  1382 | D:2      | Reached XP level 4. HP: 29/40 MP: 4/4
  1745 | D:2      | Reached skill level 4 in Axes
  2334 | D:1      | Reached skill level 1 in Dodging
  2584 | D:3      | Reached XP level 5. HP: 46/46 MP: 6/6
  2597 | D:3      | Noticed Ijyb
  2609 | D:3      | Killed Ijyb
  3650 | D:4      | Reached skill level 5 in Axes
  3650 | D:4      | Reached XP level 6. HP: 38/53 MP: 7/7
  4058 | D:4      | Noticed a water moccasin
  4070 | D:4      | Killed a water moccasin
  4347 | D:4      | Reached XP level 7. HP: 32/60 MP: 9/9
  4690 | D:4      | Found a large runed translucent door.
  4690 | D:4      | Found a large runed translucent door.
  4739 | D:4      | Found a staircase to the Ecumenical Temple.
  4746 | D:4      | Reached skill level 5 in Fighting
  4746 | D:4      | Reached skill level 6 in Axes
  4811 | D:4      | Found a large runed translucent door.
  4813 | D:4      | Found a large runed translucent door.
  5613 | D:4      | Reached XP level 8. HP: 68/68 MP: 10/10
  5617 | D:4      | Reached skill level 5 in Armour
  5633 | D:4      | Reached skill level 5 in Shields
  5859 | D:5      | Entered Level 5 of the Dungeon
  5875 | D:5      | Found a sand-covered staircase.
  5881 | Ossuary  | Entered an ossuary
  6310 | D:5      | Found Ruafree's General Store.
  6352 | D:4      | Reached skill level 7 in Axes
  6614 | D:5      | Bought a +0 hunting sling of flaming for 56 gold pieces
  6618 | D:5      | Found Dickohext's Antique Armour Emporium.
  6620 | D:5      | Found Iptaonis's Jewellery Emporium.
  6621 | D:5      | Found Lewn's Weapon Emporium.
  6622 | D:5      | Found Septyec's Jewellery Emporium.
  6676 | D:5      | Bought a throwing net for 33 gold pieces
  7216 | D:5      | Reached skill level 5 in Invocations
  7224 | D:5      | Reached skill level 8 in Axes
  7224 | D:5      | Reached XP level 9. HP: 63/75 MP: 12/12
  7902 | D:6      | Noticed Dowan
  7902 | D:6      | Noticed Duvessa
  7930 | D:6      | Killed Duvessa
  7942 | D:6      | Killed Dowan
  8094 | D:6      | Noticed Maggie
  8110 | D:6      | Killed Maggie
  8142 | D:6      | Reached skill level 9 in Axes
  8462 | D:6      | Found Boep's Jewellery Shop.
  8581 | D:6      | Noticed a manticore
  8586 | D:6      | Killed a manticore
  8874 | D:6      | Became a worshipper of Beogh the Brigand
  9114 | D:7      | Noticed Prince Ribbit
  9118 | D:7      | Killed Prince Ribbit
  9119 | D:7      | Reached skill level 10 in Axes
  9119 | D:7      | Reached XP level 10. HP: 82/86 MP: 14/14
  9419 | D:7      | Reached * piety under Beogh
 10212 | D:8      | Reached ** piety under Beogh
 10230 | D:8      | Noticed Blork the orc
 10237 | D:8      | Killed Blork the orc
 10410 | D:8      | Noticed Psyche
 10424 | D:8      | Killed Psyche
 10425 | D:8      | Reached skill level 11 in Axes
 11092 | D:9      | Reached XP level 11. HP: 92/95 MP: 15/17
 11098 | D:9      | Reached skill level 5 in Dodging
 11118 | D:9      | Found a staircase to the Lair.
 11603 | D:9      | Reached skill level 12 in Axes
 12186 | D:10     | Entered Level 10 of the Dungeon
 13234 | D:10     | Got Sif Muna's Guide on the Voyage and Combat Magic
 13253 | D:10     | Reached *** piety under Beogh
 15120 | D:11     | Noticed a white ugly thing
 15230 | D:11     | Mangled by a white ugly thing

Illustrated notes

Levels and vault maps discovered:
D:1:      beargit_arrival_greenhouse, layout_basic,
          hellmonk_ecumenical_altar_heavens_door, lexackson_kobold_supper
D:2:      layout_loops_ring, st_stairs_13, minivault_19
D:3:      layout_basic, kennysheep_generic_room_15, uniq_ijyb
D:4:      layout_loops_ring, minmay_temple_entry_slanted,
          chequers_serial_rivers_large_a, minmay_hollow_rounded_squares
D:5:      layout_basic, nicolae_ossuary_entry_plus, minmay_shop_grid_forest,
          minmay_door_square, roderic_roman_lattice, nicolae_stop_n_shop_2,
          minmay_increasing_density
D:6:      layout_loops_ring, serial_shops, nicolae_shop_crystal,
          grunt_ministairs_14, uniq_maggie, uniq_duvessa
D:7:      layout_rooms, nicolae_overflow_hidden_temple, uniq_prince_ribbit1
D:8:      layout_rooms, minmay_misc_feat_ornament, sword_in_stone, uniq_psyche
D:9:      layout_loops_cross, lair_entry_dummy, serial_park_tiny_pond,
          minmay_misc_feat_tower, chequers_serial_rivers_micro_c
D:10:     layout_roguey
D:11:     layout_basic, serial_curves, eino_curves_02, eino_curves_02,
          special_room [special_room_orc]

Skill      XL: |  1  2  3  4  5  6  7  8  9 10 11 |
---------------+----------------------------------+-----
Axes           | 3 4 5 6 8 10 11 12 | 12.8
Invocations    | 1 2 3 5 6 8 |  8.8
Fighting       | 4 5 6 7 8 9 |  9.1
Dodging        | 1 2 3 4 5 |  5.0
Armour         | 4 5 6 7 8 |  8.3
Shields        | 4 5 6 7 8 |  8.2

Action                   |  1- 3 |  4- 6 |  7- 9 | 10-12 || total
-------------------------+-------+-------+-------+-------++-------
Melee: War axe           |   134 |   152 |   270 |       ||   556
       Broad axe         |       |       |    52 |   335 ||   387
 Fire: Hunting sling     |       |       |     2 |       ||     2
Throw: Dart              |       |    15 |       |     4 ||    19
Invok: Convert to Beogh  |       |       |     1 |       ||     1
       Smiting           |       |       |       |     4 ||     4
Evoke: Wand              |       |       |     9 |    12 ||    21
       Piece from Xom's  |       |       |       |     2 ||     2
  Use: Scroll            |       |    10 |     7 |     8 ||    25
       Potion            |       |     2 |     3 |     7 ||    12
 Stab: Paralysed         |       |       |     7 |       ||     7
Armor: Scale mail        |    78 |    66 |       |       ||   144
       Chain mail        |       |    13 |   149 |       ||   162
       Swamp dragon scal |       |       |    18 |   114 ||   132
       Plate armour      |       |       |       |     2 ||     2
Dodge: Dodged            |    60 |    79 |   113 |   172 ||   424
Block: Buckler           |    28 |    41 |    74 |    29 ||   172
       Kite shield       |       |       |       |   103 ||   103

Table legend: (Time is in decaauts)
 A = Elapsed time spent in this place.
 B = Non-inter-level travel time spent in this place.
 C = Inter-level travel time spent in this place.
 D = Time resting spent in this place.
 E = Time spent auto-exploring this place.
 F = Levels seen in this place.
 G = Mean time per level.
                   A        B        C        D        E       F      G
               +--------+--------+--------+--------+--------+-----+--------+
         Total |  15468 |  15113 |    355 |   3521 |   8861 |  12 | 1289.0 |
       Dungeon |  15057 |  14702 |    355 |   3303 |   8800 |  11 | 1368.8 |
       Ossuary |    410 |    410 |      0 |    218 |     61 |   1 |  410.0 |
               +--------+--------+--------+--------+--------+-----+--------+

Top non-repeatable levels by time:
     D:4: 2297 daAuts
     D:1: 1690 daAuts
    D:10: 1601 daAuts
    D:11: 1493 daAuts
     D:5: 1456 daAuts
     D:8: 1402 daAuts
     D:6: 1237 daAuts
     D:3: 1222 daAuts
     D:2: 957 daAuts
     D:9: 863 daAuts
     D:7: 836 daAuts
 Ossuary: 410 daAuts
